 Dungeon Crawl Stone Soup version 0.22-a0-469-gf26638a (webtiles) character file.

1762 Ijustatesigmund the Cleaver (level 8, -5/74 HPs)
             Began as a Minotaur Berserker on June 12, 2018.
             Was an Elder of Trog.
             Killed from afar by an electric eel (14 damage)
             ... with a bolt of electricity
             ... on level 6 of the Dungeon.
             The game lasted 00:13:41 (6448 turns).

Ijustatesigmund the Cleaver (Minotaur Berserker)    Turns: 6448, Time: 00:13:42

Health: -5/74      AC:  7    Str: 21    XL:     8   Next: 79%
Magic:  0/7        EV: 10    Int:  4    God:    Trog [****..]
Gold:   201        SH: 13    Dex: 13    Spells: 7/7 levels left

rFire    . . .     SeeInvis .   a - +0 hand axe
rCold    . . .     Gourm    .   f - +2 shield
rNeg     . . .     Faith    .   B - +1 leather armour {rPois}
rPois    +         Spirit   +   (helmet restricted)
rElec    .         Reflect  .   k - +0 cloak
rCorr    .         Harm     .   p - +0 pair of gloves
MR       +....                  y - +0 pair of boots (curse)
Stlth    +.........             b - amulet of guardian spirit
HPRegen  0.22/turn              l - ring of protection from magic
MPRegen  0.10/turn              (no ring)

@: no status effects
A: retaliatory headbutt, horns 2
a: Berserk, Trog's Hand, Brothers in Arms, Renounce Religion


You were on level 6 of the Dungeon.
You worshipped Trog.
Trog was greatly pleased with you.
You were not hungry.

You visited 1 branch of the dungeon, and saw 6 of its levels.
You also visited: Sewer.

You collected 201 gold pieces.

Inventory:

Hand Weapons
 a - a +0 hand axe (weapon)
 v - a +1 whip of flaming
Armour
 f - a +2 shield (worn)
 k - a +0 cloak (worn)
 p - a +0 pair of gloves (worn)
 x - the +1 scale mail "Hogyow" {rF+++ rC- Int-2 Stlth+}
   (You found it on level 5 of the Dungeon)

   It affects your intelligence (-2).
   It renders you almost immune to fire.
   It makes you vulnerable to cold.
   It makes you more stealthy.
 y - a cursed +0 pair of boots (worn)
 B - a +1 leather armour of poison resistance (worn)
Jewellery
 b - an amulet of guardian spirit (around neck)
 g - an uncursed ring of ice
 l - a ring of protection from magic (left hand)
Wands
 h - a wand of paralysis (16)
 w - a wand of digging (25)
Scrolls
 e - 3 scrolls of remove curse
 r - a scroll of blinking
 s - 4 scrolls of teleportation
Potions
 d - 2 potions of flight
 i - a potion of curing
 j - 2 potions of mutation {unknown}
 m - 2 potions of agility {unknown}
 n - 2 potions of magic {unknown}
 o - 2 potions of brilliance {unknown}
 q - 4 potions of haste {unknown}
 t - 2 potions of heal wounds {unknown}
 u - 2 potions of might {unknown}
 z - a potion of cancellation {unknown}
 A - a potion of lignification {unknown}
Comestibles
 c - 5 rations
 C - a chunk of flesh


   Skills:
 + Level 8.3 Fighting
 + Level 9.5 Axes
 - Level 2.4 Armour
 - Level 2.1 Dodging
 + Level 7.0 Shields


You had 7 spell levels left.
You didn't know any spells.
Your spell library was empty.

Dungeon Overview and Level Annotations

Branches:
Dungeon (6/15)
 Temple: D:4-7

Altars:
Cheibriados
Dithmenos
Fedhas
Nemelex Xobeh
Okawaru
Trog
Xom
Yredelemnul


Innate Abilities, Weirdness & Mutations

You reflexively headbutt those who attack you in melee.
You have a pair of horns on your head.


Message History

Aiming: Paralyse
Press: ? - help, Shift-Dir - straight line, f - phantom
Aim: a phantom (lightly damaged, chance to defeat MR: 28%)
The phantom easily resists.
The phantom blinks!
The electric eel shoots out a bolt of lightning at you!
The bolt of electricity misses you. The bolt of electricity hits you!
You hit the phantom. You headbutt the phantom!
The phantom is moderately damaged.
The phantom blinks!
The phantom blinks!
The electric eel shoots out a bolt of lightning at you!
The bolt of electricity hits you!
* * * LOW HITPOINT WARNING * * *
You see here 10 gold pieces.
The electric eel shoots out a bolt of lightning at you!
The bolt of electricity hits you!
* * * LOW HITPOINT WARNING * * *
The electric eel shoots out a bolt of lightning at you!
The bolt of electricity hits you!
You die...

#.....# .# #
#..P#P....#.#
.P##.....##.#
##P#.......P≈P..
.........##.#
#...P≈≈≈.P≈≈≈≈..
...#####.##.#
#..P≈≈≈≈≈≈≈≈≈≈≈P ###
#..#.# .≈≈≈≈.≈≈≈.≈ ≈≈≈
##.#.# #≈≈;#≈≈≈# ≈≈#
#.#.######.###.###.##
#...##..#...#...#...#.
##..##..@.$...........
#.>##........†.......
##.#......?..........
#............†......
#.##..#...#...#...#.
#.######.###§###.##
#.# #≈≈≈#≈≈≈# ≈≈# #.#
..≈≈≈.≈≈≈.≈ ≈≈≈ ..#
#≈≈≈ ≈≈≈≈≈≈≈. #.


You could see an electric eel.

Vanquished Creatures
  Pikel (D:4)
  Sigmund (D:3)
  An orc warrior (D:6)
  2 phantoms
  3 ogres
  A scorpion (D:5)
  An electric eel (D:6)
  An orc priest (D:5)
  Crazy Yiuf (D:4)
  2 hounds
  A centaur skeleton (D:5)
  Natasha (D:2)
  An orc wizard (D:5)
  3 worker ants (D:5)
  A hound zombie (D:5)
  A hound skeleton (D:5)
  7 gnolls
  11 adders
  A shadow imp (D:5)
  2 worms
  3 dart slugs (D:1)
  2 leopard geckos (D:5)
  9 orcs
  9 bats
  8 giant cockroaches
  9 goblins
  3 hobgoblins
  6 jackals
  2 quokkas
  3 ball pythons (Sewer)
  12 frilled lizards
  16 kobolds
  6 rats
  5 plants (Sewer)
136 creatures vanquished.

Vanquished Creatures (others)
  A slave (D:4)
  Ijyb (D:4)
  A shadow imp (D:4)
  A worm (D:4)
  A giant cockroach (D:4)
  4 jackals (D:4)
9 creatures vanquished.

Grand Total: 145 creatures vanquished

Notes
Turn   | Place    | Note
-------+----------+-------------------------------------------
     0 | D:1      | Ijustatesigmund the Minotaur Berserker began the quest for the Orb.
     0 | D:1      | Reached XP level 1. HP: 19/19 MP: 0/0
    49 | D:1      | Reached skill level 4 in Axes
    93 | D:1      | Reached XP level 2. HP: 6/26 MP: 1/1
   554 | D:1      | Reached ** piety under Trog
   554 | D:1      | Reached skill level 5 in Axes
   723 | D:1      | Reached XP level 3. HP: 31/31 MP: 2/2
  1373 | D:2      | Reached skill level 6 in Axes
  1373 | D:2      | Reached XP level 4. HP: 34/40 MP: 3/3
  1552 | D:2      | Noticed Natasha
  1559 | D:2      | Killed Natasha
  2174 | D:3      | Found an iron altar of Okawaru.
  2300 | D:3      | Noticed Sigmund
  2310 | D:3      | Killed Sigmund
  2310 | D:3      | Reached skill level 5 in Fighting
  2310 | D:3      | Reached XP level 5. HP: 34/48 MP: 4/4
  2310 | D:3      | Reached XP level 6. HP: 40/56 MP: 5/5
  2488 | D:3      | Found a basalt altar of Yredelemnul.
  2492 | D:3      | Found a sparkling altar of Nemelex Xobeh.
  2552 | D:3      | Found a glowing drain.
  2554 | D:3      | Found a bloodstained altar of Trog.
  2591 | Sewer    | Entered a sewer
  2798 | Sewer    | Reached skill level 7 in Axes
  2876 | Sewer    | Reached *** piety under Trog
  3722 | D:4      | Found a shimmering altar of Xom.
  3832 | D:4      | Noticed Pikel
  3832 | D:4      | Noticed a slave
  3832 | D:4      | Noticed a slave
  3832 | D:4      | Noticed a slave
  3833 | D:4      | Noticed a slave
  3847 | D:4      | Killed Pikel
  3847 | D:4      | Reached skill level 8 in Axes
  3847 | D:4      | Reached XP level 7. HP: 64/64 MP: 6/6
  3899 | D:4      | Reached skill level 5 in Shields
  3990 | D:4      | Killed Ijyb
  4108 | D:4      | Found a snail-covered altar of Cheibriados.
  4316 | D:4      | Reached XP level 8. HP: 68/71 MP: 4/7
  4681 | D:4      | Found a runed door.
  4685 | D:4      | Noticed Crazy Yiuf
  4691 | D:4      | Killed Crazy Yiuf
  4975 | D:5      | Entered Level 5 of the Dungeon
  5151 | D:5      | Found a shadowy altar of Dithmenos.
  5328 | D:5      | Got a shimmering scale mail
  5334 | D:5      | Identified the +1 scale mail "Hogyow" {rF+++ rC- Int-2 Stlth+} (You found it on level 5 of the Dungeon)
  5580 | D:5      | Reached skill level 9 in Axes
  5953 | D:5      | Found a blossoming altar of Fedhas.
  6439 | D:6      | Reached **** piety under Trog
  6448 | D:6      | Killed from afar by an electric eel

Vault maps used:
D:1:      dpeg_arrival_tiny_h, minmay_bisected
D:2:      first_ration, uniq_natasha
D:3:      lemuel_crystal_altar, minitemple, overflow_temple_1_default,
          gup_sewer_entry_glass, serial_corexii_hall, corexii_hall_statues_s,
          corexii_hall_statues_l, corexii_hall_statues_u, uniq_sigmund
D:4:      overflow_temple_1_default, xom_teletrap_fun, uniq_crazy_yiuf_cottage,
          uniq_ijyb, uniq_pikel
D:5:      kennysheep_mini_moat, basic_altar
D:6:      wad_lake_hut, minmay_temple_entry_oklob, st_stairs_11, tso_metal_star,
          uniq_prince_ribbit1
Sewer:    sewer_co_scattered_pipes

Skill      XL: |  1  2  3  4  5  6  7  8 |
---------------+-------------------------+-----
Axes           | 4 5 6 8 9 |  9.5
Fighting       | 5 6 8 |  8.3
Shields        | 2 4 5 7 |  7.0
Armour         | |  2.4
Dodging        | |  2.1

Action                   |  1- 3 |  4- 6 |  7- 9 || total
-------------------------+-------+-------+-------++-------
Melee: Hand axe          |    80 |   223 |   148 ||   451
       Headbutt          |     8 |    42 |    25 ||    75
Invok: Berserk           |     2 |     3 |     5 ||    10
       Trog's Hand       |       |     1 |       ||     1
Evoke: Wand              |       |       |     4 ||     4
  Use: Scroll            |     6 |       |     3 ||     9
 Stab: Sleeping          |     1 |       |       ||     1
       Paralysed         |       |       |     3 ||     3
  Eat: Chunk             |     3 |     5 |     4 ||    12
       Ration            |       |     2 |     3 ||     5
Armor: Ring mail         |     7 |       |       ||     7
       Animal skin       |     3 |       |       ||     3
       Leather armour    |    22 |    18 |    17 ||    57
Dodge: Dodged            |    54 |    40 |    36 ||   130
Block: Shield            |       |    49 |    60 ||   109
       Buckler           |       |     1 |       ||     1

Table legend:
 A = Spawn XP
 B = Non-spawn XP
 C = Spawn XP percentage of total XP
 D = Spawn monster count
 E = Non-spawn monster count
 F = Spawn count percentage of total count
 G = Total turns spent on level
                    A         B        C        D         E        F      G
               +---------+---------+-------+---------+---------+-------+---------
         Total |       0 |    2518 |   0.0 |       0 |     131 |   0.0 |  6448
               +---------+---------+-------+---------+---------+-------+---------
           D:1 |       0 |      54 |   0.0 |       0 |      31 |   0.0 |  1053
           D:2 |       0 |     116 |   0.0 |       0 |      21 |   0.0 |  1103
           D:3 |       0 |     277 |   0.0 |       0 |      12 |   0.0 |   723
           D:4 |       0 |     990 |   0.0 |       0 |      14 |   0.0 |  1253
           D:5 |       0 |     648 |   0.0 |       0 |      26 |   0.0 |  1264
           D:6 |       0 |     376 |   0.0 |       0 |       6 |   0.0 |   209
         Sewer |       0 |      57 |   0.0 |       0 |      21 |   0.0 |   843
               +---------+---------+-------+---------+---------+-------+---------
